 Dungeon Crawl Stone Soup version 0.24-a0-581-gc0fa6600bf (webtiles) character file.

Game seed: 1665234226808985322

526205 Dragon00 the Conqueror (level 24, 0/224 HPs)
             Began as a Minotaur Berserker on Aug 4, 2019.
             Was the Champion of Trog.
             Killed from afar by a guardian serpent (2 damage)
             ... with a bolt of poison
             ... while paralysed by accursed screaming
             ... on level 3 of the Abyss on Aug 25, 2019.
             The game lasted 10:05:30 (61613 turns).

Dragon00 the Conqueror (Minotaur Berserker)        Turns: 61613, Time: 10:05:30

Health: 0/224      AC: 41    Str: 24    XL:     24   Next: 81%
Magic:  7/7        EV:  2    Int:  6    God:    Trog [******]
Gold:   2744       SH:  0    Dex: 20    Spells: 23/23 levels left

rFire    + + .     SeeInvis +   b - +9 executioner's axe (antimagic)
rCold    + + .     Gourm    .   (shield currently unavailable)
rNeg     + . .     Faith    .   U - +6 gold dragon scales
rPois    +         Spirit   .   T - +3 crown of Dyrovepreva {rElec Int+2 SInv}
rElec    +         Reflect  .   s - scarf {rC+ rF+}
rCorr    .         Harm     .   D - +2 pair of gloves {archery}
MR       +++..                  e - +2 pair of boots
Stlth    ..........             B - amulet of regeneration
HPRegen  1.00/turn              V - +5 ring of slaying
MPRegen  0.10/turn              R - ring of the Traitor {+Fly rN+ Slay+5}

@: paralysed, lethally poisoned (0 -> -1), about to teleport, recuperating,
mildly diseased
A: retaliatory headbutt, horns 2, frail 1, screaming 1
}: 2/15 runes: decaying, serpentine
a: Berserk, Trog's Hand, Brothers in Arms, Renounce Religion, Evoke Flight


You were on level 3 of the Abyss.
You worshipped Trog.
Trog was exalted by your worship.
You were not hungry.

You visited 9 branches of the dungeon, and saw 44 of its levels.
You visited the Abyss 2 times.
You visited 1 bazaar.
You also visited: Gauntlet, Volcano and Wizlab.

You collected 6969 gold pieces.
You spent 4225 gold pieces at shops.

Inventory:

Hand Weapons
 a - a +7 battleaxe of draining
 b - a +9 antimagic executioner's axe (weapon)
 w - a +4 flail of crushing
Armour
 e - a +2 pair of boots (worn)
 s - a scarf of resistance (worn)
 D - a +2 pair of gloves of archery (worn)
 T - the +3 crown of Dyrovepreva (worn) {rElec Int+2 SInv}
   (You found it on level 3 of the Elven Halls)

   It affects your intelligence (+2).
   It insulates you from electricity.
   It lets you see invisible.
 U - +6 gold dragon scales (worn)
Jewellery
 t - an uncursed ring of resist corrosion
 B - an amulet of regeneration (around neck)
 C - a +2 ring of protection
 E - the ring of Radghaich {rN+ Int+4}
   (You found it in a wizard's laboratory)

   [ring of positive energy]

   It affects your intelligence (+4).
   It protects you from negative energy.
 F - a +5 ring of evasion
 P - an uncursed ring of see invisible
 R - the ring of the Traitor (right hand) {+Fly rN+ Slay+5}
   (You bought it in a shop in a bazaar)

   [ring of flight]

   It affects your accuracy and damage with ranged weapons and melee attacks
   (+5).
   It protects you from negative energy.
   It lets you fly.
 V - a +5 ring of slaying (left hand)
 X - a +3 amulet of reflection
Wands
 d - a wand of acid (45)
 f - a wand of clouds (9)
 i - a wand of iceblast (39)
 p - a wand of flame (52)
 v - a wand of polymorph (21)
 G - a wand of paralysis (10)
 H - a wand of scattershot (6)
 J - a wand of enslavement (6)
 S - a wand of digging (4)
 Z - a wand of disintegration (12)
Scrolls
 k - 24 scrolls of identify
 q - 9 scrolls of magic mapping
 u - 7 scrolls of immolation
 x - 11 scrolls of teleportation
 y - 10 scrolls of fog
 z - 7 scrolls of fear
 A - 22 scrolls of remove curse
 I - 3 scrolls of silence
 L - 2 scrolls of summoning
 N - 4 scrolls of blinking
Potions
 g - 4 potions of flight
 j - 5 potions of resistance
 l - 11 potions of heal wounds
 m - 5 potions of haste
 n - 6 potions of might
 o - 3 potions of curing
 r - 9 potions of lignification
 K - a potion of ambrosia
 M - 5 potions of invisibility
 O - 2 potions of cancellation
 Q - 6 potions of agility
Comestibles
 c - 43 rations


   Skills:
 O Level 27 Fighting
 - Level 26.0 Axes
 + Level 22.8 Armour
 + Level 21.3 Dodging


You had 23 spell levels left.
You didn't know any spells.
Your spell library was empty.

Dungeon Overview and Level Annotations

Branches:
Dungeon (15/15)            Temple (1/1) D:4            Lair (6/6) D:11
  Swamp (4/4) Lair:3        Snake (4/4) Lair:4        Slime (0/5) Lair:5
    Orc (2/2) D:10            Elf (3/3) Orc:2        Vaults (4/5) D:14
  Crypt (0/3) Vaults:3     Depths (5/5) D:15            Zot (0/5) Depths:5
 WizLab (visited)

Altars:
Ashenzari
Cheibriados
Dithmenos
Elyvilon
Fedhas
Gozag
Hepliaklqana
Kikubaaqudgha
Makhleb
Nemelex Xobeh
Okawaru
Qazlal
Ru
Sif Muna
Trog
Uskayaw
Vehumet
Wu Jian
Xom
Yredelemnul
Zin
The Shining One

Shops:
D:5 %   D:12 !   Orc:2 =}[[   Elf:1 =}=[   Elf:2 [   Vaults:3 [   Depths:1 **
Depths:4 =

Portals:
Hell: Depths:1 Depths:2 Depths:3 Depths:4 Depths:5
Abyss: Depths:2 Depths:4 Depths:5
Pandemonium: Depths:3
Trove: D:11 (give +3 storm dragon scales)

Annotations:
Swamp:3 2 transporters
Swamp:4 2 exclusions
Elf:2 3 runed translucent doors
Elf:3 exclusion: Roxanne, Roxanne


Innate Abilities, Weirdness & Mutations

You reflexively headbutt those who attack you in melee.
You have a pair of horns on your head.
You are frail. (-10% HP)
You occasionally shout uncontrollably at your foes.


Message History

A starcursed mass splits. 2 starspawn tentacles come into view.
You feel much better.
The sixfirhy hits you but does no damage. x2
The sixfirhy barely misses you. The guardian serpent hits you.
* * * LOW HITPOINT WARNING * * *
The tormentor says, "You will wish to die when I get to you."
The sixfirhy misses you. You furiously retaliate!
You headbutt the sixfirhy!
A deafening chorus of shrieks assaults your mind!
* * * LOW HITPOINT WARNING * * *
You suddenly lose the ability to move!
The hellephant tramples you!!
* * * LOW HITPOINT WARNING * * *
You hold your ground!
The hellephant bites you but does no damage.
The hellephant gores you but does no damage.
The guardian serpent coils itself and waves its upper body at you.
The bolt of poison hits you.
You are poisoned.
You resist.
You die...

–. X≈≈ ≈§ ≈≈ ≈≈≈
▓X▓YXX≈≈§§≈.≈♣≈▓
▓ XYXX§§§≈§...≈▓▓
§≈XY§§§§§.▓..▓▓
§§≈≈≈§≈§§.▓ .▓▓
▓▓▓▓▓▓≈≈≈.§§▓..▓
≈≈≈§≈≈≈≈§>≈–....▓
.≈≈≈≈≈≈)Y≈.....▓
..§ ▓@S§...≈≈ ▓
▓3.2§.≈≈≈▓▓
.*XN▓w≈.≈≈ ▓
▓X5──▓│....≈▓
..▓V.▓V▓§♣♣♣♣
..▓.....▓2♣
.X▓..▓▓▓▓.♣♣
≈X≈≈≈≈ .▓ ≈ ..N


You could see a hellephant, 7 starcursed masses, 3 dire elephants, 2 tentacled
starspawn, a wretched star, a guardian serpent, a naga mage, a sixfirhy, a
tormentor, a starspawn tentacle and an iron imp.

Vanquished Creatures
  Mennas (Vaults:3)
  Margery (Depths:3)
  Xtahua (Vaults:3)
  Frederick (Depths:4)
  Bai Suzhen (Vaults:2)
  Saint Roka (Elf:2)
  A golden dragon (Depths:4)
  2 profane servitors
  3 bone dragons
  2 liches
  A Hell Sentinel (Abyss:3)
  A hellephant (Abyss:3)
  A moon troll (WizLab)
  2 deep elf blademasters (Elf:3)
  2 deep elf master archers (Elf:3)
  4 sphinxes
  The ghost of Gall2222 the Phalangite, an adept MfGl of Okawaru (Snake:1)
  Gastronok (D:12)
  9 tentacled starspawn
  2 draconian monks (Depths:5)
  A storm dragon (Vaults:2)
  2 tengu reavers
  Kirke (D:13)
  10 nagarajas
  8 deep elf sorcerers
  4 fire giants
  Aizul (Swamp:3)
  Louise (Lair:3)
  A daeva (Abyss:1)
  A draconian knight (Depths:5)
  8 frost giants
  17 vault wardens
  2 war gargoyles
  A draconian shifter (Abyss:3)
  3 cacodemons (WizLab)
  3 deep elf elementalists (Elf:3)
  A reaper (Gauntlet)
  14 ironheart preservers
  19 stone giants
  14 very ugly things
  A vampire knight (Depths:3)
  3 entropy weavers
  2 green draconians (Swamp:1)
  8 deep elf demonologists
  Azrael (Elf:1)
  3 black draconians (Depths:5)
  2 minotaurs
  8 deep elf annihilators (Elf:3)
  3 yellow draconians (Depths:5)
  2 dire elephants (Abyss:3)
  The ghost of Sigygo the Fighter, a journeyman DsFi of Gozag (Lair:4)
  An eidolon (Abyss:1)
  9 ettins
  2 crystal guardians (WizLab)
  A blizzard demon (Abyss:3)
  2 pearl dragon zombies (Depths:5)
  16 ogre magi
  8 deep elf death magi
  5 fire dragons
  6 deep elf high priests (Elf:3)
  9 great orbs of eyes
  9 vault guards
  20 naga warriors
  15 ice dragons
  11 yaktaur captains
  4 ghost crabs
  The ghost of bmj180 the Cleaver, a journeyman HuFi of Okawaru (D:13)
  5 rakshasas
  3 spriggan air magi
  5 centaur warriors
  13 hydras
  A hell beast (Depths:1)
  5 death knights
  Erica (Lair:1)
  9 anacondas
  6 shambling mangroves
  39 two-headed ogres
  17 dancing weapons
  2 tengu warriors (D:15)
  5 deep troll shamans
  10 death yaks
  14 alligators
  16 naga sharpshooters
  3 hell hogs (Depths:5)
  4 deep troll earth magi
  2 titan zombies
  10 shock serpents
  5 thrashing horrors
  5 spriggan berserkers
  25 deep elf knights
  10 wretched stars
  A soul eater (Depths:2)
  2 sun demons
  2 salamander mystics
  6 spriggan druids
  9 hell knights
  3 spatial maelstroms
  3 shadow wraiths
  3 unseen horrors
  14 deep trolls
  5 skeletal warriors (Depths:1)
  4 swamp dragons (Swamp:1)
  4 flayed ghosts
  5 glowing orange brains (WizLab)
  An orange crystal statue (WizLab)
  8 wizards
  Pikel (D:4)
  23 deep elf archers
  5 phantasmal warriors
  4 necromancers
  4 mana vipers
  4 harpies
  53 deep elf magi
  8 naga ritualists
  18 ironbrand convokers
  45 ugly things
  9 orc knights
  5 wolf spiders
  4 orc sorcerers
  A faun (shapeshifter) (D:14)
  An oklob plant (Lair:6)
  An orb spider (shapeshifter) (Depths:3)
  A human zombie (Vaults:4)
  17 salamanders
  4 cyclopes
  2 manticores (D:11)
  An elephant (Abyss:3)
  38 naga magi
  A worldbinder (Abyss:3)
  39 black mambas
  A rust devil (Depths:1)
  5 guardian serpents
  9 smoke demons
  4 apis skeletons (Depths:5)
  13 vault sentinels
  An apocalypse crab (Abyss:1)
  A gargoyle (D:12)
  8 eyes of devastation (WizLab)
  5 spectral swamp worms (Depths:3)
  13 spiny frogs
  4 molten gargoyles (Volcano)
  A hellion (Abyss:1)
  A rime drake (Lair:4)
  5 efreet
  11 komodo dragons
  A komodo dragon (shapeshifter) (Vaults:2)
  12 freezing wraiths
  A yaktaur (shapeshifter) (Depths:2)
  9 ancient zymes
  62 yaktaurs
  A demonic crawler (Abyss:3)
  15 trolls
  3 tengu conjurers
  8 hellwings
  3 red devils (Depths:2)
  5 polar bears (Lair:6)
  A jumping spider (Gauntlet)
  10 tyrant leeches
  A wind drake (shapeshifter) (Vaults:4)
  21 raiju
  3 bog bodies
  23 hornets
  A shadow dragon simulacrum (Depths:1)
  23 slime creatures
  23 blink frogs
  3 dream sheep (Lair:6)
  11 hippogriffs
  A hippogriff (shapeshifter) (Vaults:4)
  An ettin skeleton (Abyss:3)
  A slime creature (shapeshifter) (Depths:5)
  2 air elementals
  A flying skull (Abyss:1)
  12 large abominations
  38 starcursed masses
  2 shadows
  6 ynoxinuls
  23 spriggans
  2 wyverns
  A dire elephant simulacrum (Abyss:1)
  3 redbacks
  6 wraiths
  A golden eye (Abyss:3)
  3 basilisks
  A hog (D:13)
  10 water elementals
  2 tarantellas (shapeshifter) (Vaults:4)
  A golden eye (shapeshifter) (Vaults:2)
  40 yaks
  10 fire elementals
  A hog (shapeshifter) (Vaults:3)
  A yaktaur simulacrum (Vaults:2)
  3 chaos spawn (Abyss:1)
  6 neqoxecs
  20 vampire mosquitoes
  A hungry ghost (D:13)
  Edmund (D:3)
  A spatial vortex (Abyss:3)
  A soldier ant (D:12)
  3 wargs
  62 nagas
  A swamp worm simulacrum (Swamp:4)
  A soldier ant (shapeshifter) (Vaults:1)
  6 insubstantial wisps (Swamp:1)
  13 swamp worms
  9 water moccasins
  7 hell hounds
  An acid dragon (Vaults:1)
  A deep troll skeleton (Vaults:4)
  15 hydra simulacra (Swamp:4)
  A floating eye (shapeshifter) (Vaults:1)
  15 porcupines
  5 black bears
  10 swamp drakes
  3 ice beasts
  5 sky beasts
  An eye of draining (Abyss:3)
  29 orc warriors
  3 phantoms
  2 eyes of draining (shapeshifter)
  An ettin simulacrum (Abyss:3)
  A boggart (shapeshifter) (Abyss:3)
  2 necrophages
  9 boggarts
  8 centaurs
  18 wolves (Lair:6)
  68 ogres
  A human skeleton (Vaults:4)
  An elf skeleton (Vaults:4)
  4 big kobolds
  17 crocodiles
  29 bullfrogs
  The ghost of Edwin the Sneak, an amateur SpEn (D:3)
  A gnoll sergeant (D:7)
  2 wyvern zombies
  9 earth elementals
  A glowing shapeshifter simulacrum (Vaults:2)
  4 scorpions
  18 killer bees
  A human simulacrum (Vaults:2)
  3 howler monkeys
  3 wights (D:11)
  4 electric eels
  3 centaur zombies
  23 crimson imps
  2 bullfrog zombies
  2 quasits
  4 hounds
  3 jellies
  2 centaur skeletons
  4 gnoll shamans (D:8)
  17 orc priests
  A bullfrog skeleton (D:6)
  4 iron imps
  29 orc wizards
  Ijyb (D:3)
  5 iguanas
  Jessica (D:2)
  Terence (D:2)
  Natasha (thrice) (D:2)
  8 worker ants
  19 small abominations
  A killer bee zombie (D:8)
  A hound zombie (D:5)
  3 worker ant zombies
  2 howler monkey skeletons
  10 gnolls
  13 adders
  6 shadow imps
  10 white imps
  3 ufetubi
  An ooze (shapeshifter) (Vaults:2)
  7 swamp drake simulacra (Swamp:4)
  3 adder skeletons
  3 worms
  3 dart slugs (D:1)
  2 leopard geckos
  112 orcs
  2 ball pythons (D:1)
  5 giant cockroaches
  7 goblins
  9 hobgoblins
  19 jackals
  6 quokkas
  5 bats
  4 frilled lizards
  A jackal skeleton (D:4)
  17 kobolds
  12 rats
  3 bushes (Lair:5)
  3 fire vortices (Volcano)
  4 fungi
  A lurking horror (Abyss:3)
  5 plants
  11 starspawn tentacles
  7 withered plants (Gauntlet)
2233 creatures vanquished.

Vanquished Creatures (collateral kills)
  Jorgrun (Orc:2)
  The ghost of Safaif the Peltast, an adept MiFi of Okawaru (Elf:2)
  A vault warden (Vaults:3)
  A very ugly thing (Vaults:2)
  A black draconian (Depths:5)
  A yellow draconian (Depths:5)
  2 ettins
  A hydra (Swamp:3)
  A naga warrior (Snake:2)
  3 two-headed ogres (Orc:2)
  A naga sharpshooter (Snake:4)
  A deep troll (Orc:2)
  A glowing orange brain (Vaults:3)
  A swamp dragon (Swamp:3)
  An oklob plant (Lair:1)
  2 mana vipers (Snake:2)
  A salamander (Snake:2)
  A cyclops (Orc:2)
  A salamander (shapeshifter) (Vaults:3)
  Maurice (Orc:2)
  A yaktaur (Vaults:3)
  2 trolls (Orc:2)
  A bog body (Swamp:3)
  A warg (Orc:2)
  A naga (Snake:2)
  5 orc warriors (Orc:2)
  6 ogres
  5 orc priests (Orc:2)
  3 orc wizards (Orc:2)
  10 orcs (Orc:2)
59 creatures vanquished.

Vanquished Creatures (others)
  A deep elf elementalist (Elf:3)
  An alligator (Swamp:3)
  2 deep elf magi (Elf:2)
  A tyrant leech (Swamp:3)
  2 humans (D:13)
  A slave (D:4)
  A boggart (Depths:1)
  2 small abominations
  A quasit (Abyss:3)
  An orc (D:14)
  5 demonic plants (WizLab)
  21 fungi
  2 lurking horrors (Abyss:3)
  15 plants
  24 starspawn tentacles
  A withered plant (Gauntlet)
81 creatures vanquished.

Grand Total: 2373 creatures vanquished

Notes
Turn   | Place    | Note
-------+----------+-------------------------------------------
     0 | D:1      | Dragon00 the Minotaur Berserker began the quest for the
                  | Orb.
     0 | D:1      | Reached XP level 1. HP: 19/19 MP: 0/0
   112 | D:1      | Reached XP level 2. HP: 27/27 MP: 1/1
   717 | D:1      | Reached skill level 4 in Fighting
   718 | D:1      | Reached ** piety under Trog
   754 | D:1      | Reached XP level 3. HP: 26/33 MP: 2/2
  1398 | D:2      | Noticed Jessica
  1404 | D:2      | Found a shattered altar of Ashenzari.
  1412 | D:2      | Killed Jessica
  1412 | D:2      | Reached XP level 4. HP: 41/41 MP: 3/3
  1567 | D:2      | Noticed Natasha
  1570 | D:2      | Killed Natasha
  1639 | D:2      | Noticed Natasha
  1652 | D:2      | Killed Natasha
  1694 | D:2      | Noticed Natasha
  1698 | D:2      | Killed Natasha
  1698 | D:2      | Reached XP level 5. HP: 43/47 MP: 4/4
  1760 | D:2      | Found an iron altar of Okawaru.
  2002 | D:2      | Noticed Terence
  2014 | D:2      | Killed Terence
  2014 | D:2      | Reached skill level 5 in Fighting
  2082 | D:3      | Reached skill level 5 in Axes
  2207 | D:3      | Found a hide-covered altar of Uskayaw.
  2278 | D:3      | Found a runed translucent gate.
  2278 | D:3      | Found a runed translucent gate.
  2278 | D:3      | Found a runed translucent gate.
  2280 | D:3      | Noticed Edwin's ghost (amateur SpEn)
  2928 | D:3      | Reached XP level 6. HP: 35/56 MP: 5/5
  3026 | D:3      | Killed Edwin's ghost
  3137 | D:4      | Noticed Ijyb
  3141 | D:4      | Noticed Edmund
  3147 | D:3      | Killed Ijyb
  3203 | D:3      | Killed Edmund
  3203 | D:3      | Reached skill level 6 in Fighting
  3203 | D:3      | Reached XP level 7. HP: 63/63 MP: 6/6
  3289 | D:4      | Found a staircase to the Ecumenical Temple.
  3510 | D:4      | Found an ancient bone altar of Kikubaaqudgha.
  4159 | D:5      | Entered Level 5 of the Dungeon
  4159 | D:5      | Noticed Pikel
  4169 | D:4      | Killed Pikel
  4169 | D:4      | Reached skill level 7 in Fighting
  4169 | D:4      | Reached skill level 5 in Armour
  4169 | D:4      | Reached skill level 5 in Dodging
  4169 | D:4      | Reached XP level 8. HP: 20/74 MP: 7/7
  4526 | D:5      | Reached skill level 8 in Fighting
  4601 | D:5      | Reached *** piety under Trog
  4610 | D:5      | Found Ejidetwe's Food Emporium.
  5242 | D:5      | Found a burning altar of Makhleb.
  5413 | D:6      | Reached XP level 9. HP: 61/82 MP: 8/8
  5478 | D:6      | Reached skill level 9 in Fighting
  5586 | D:6      | Found a hazy altar of Hepliaklqana.
  5926 | D:7      | Upgraded the game from 0.24-a0-525-g9231cdcba1 to
                  | 0.24-a0-530-g18ba70b503
  6286 | D:7      | Reached skill level 10 in Axes
  6300 | D:7      | Reached skill level 10 in Fighting
  6488 | D:7      | Reached **** piety under Trog
  6618 | D:7      | Found a bloodstained altar of Trog.
  6618 | D:7      | Found a hazy altar of Hepliaklqana.
  6624 | D:7      | Found a shadowy altar of Dithmenos.
  7095 | D:8      | Noticed a two-headed ogre
  7105 | D:8      | Killed a two-headed ogre
  7105 | D:8      | Reached XP level 10. HP: 94/94 MP: 9/9
  7256 | D:8      | Found a glowing golden altar of the Shining One.
  7554 | D:8      | Reached skill level 11 in Fighting
  8398 | D:9      | Identified a scroll of acquirement
  8482 | D:9      | Found a stormy altar of Qazlal.
  8567 | D:9      | Found a white marble altar of Elyvilon.
  8791 | D:9      | Found an ornate altar of the Wu Jian Council.
  8949 | D:9      | Reached skill level 12 in Fighting
  9036 | D:9      | Reached XP level 11. HP: 104/104 MP: 10/10
  9153 | D:9      | Found a basalt altar of Yredelemnul.
  9262 | D:10     | Entered Level 10 of the Dungeon
  9318 | D:10     | Reached ***** piety under Trog
  9630 | D:10     | Found a staircase to the Orcish Mines.
  9749 | D:10     | Received a gift from Trog
 10142 | D:11     | Noticed a red ugly thing
 10150 | D:10     | Killed a red ugly thing
 10353 | D:11     | Noticed an eight-headed hydra
 10382 | D:11     | Killed an eight-headed hydra
 10506 | D:11     | Reached skill level 13 in Fighting
 10592 | D:11     | Found a staircase to the Lair.
 10676 | D:11     | Identified the cursed +1 chain mail "Ydoan" {rPois}
 10767 | D:11     | Noticed a two-headed ogre
 10772 | D:11     | Killed a two-headed ogre
 10822 | D:11     | Found a portal to a secret trove of treasure.
 11022 | D:11     | Noticed a red ugly thing
 11029 | D:11     | Killed a red ugly thing
 11427 | Lair:1   | Entered Level 1 of the Lair of Beasts
 11427 | Lair:1   | Noticed an oklob plant
 11756 | Lair:1   | Found a bloodstained altar of Trog.
 11772 | Lair:1   | Reached XP level 12. HP: 115/115 MP: 11/11
 11856 | Lair:1   | Reached skill level 10 in Armour
 12103 | Lair:1   | Noticed Erica
 12113 | Lair:1   | Killed Erica
 12259 | Lair:1   | Reached skill level 14 in Fighting
 13376 | Lair:2   | You fall into a shaft and drop 1 floor!
 13684 | Lair:3   | Noticed an eight-headed hydra
 13694 | Lair:3   | Killed an eight-headed hydra
 14084 | Lair:3   | Found a staircase to the Swamp.
 14148 | Lair:3   | Reached skill level 10 in Dodging
 14327 | Lair:4   | Upgraded the game from 0.24-a0-530-g18ba70b503 to
                  | 0.24-a0-539-g6aae15eeb0
 14694 | Lair:4   | Found a staircase to the Snake Pit.
 14779 | Lair:4   | Reached skill level 15 in Axes
 15047 | Lair:4   | Reached XP level 13. HP: 125/125 MP: 12/12
 15063 | Lair:4   | Found a runed translucent door.
 15063 | Lair:4   | Noticed Sigygo's ghost (journeyman DsFi)
 15071 | Lair:4   | Killed Sigygo's ghost
 15071 | Lair:4   | Reached skill level 15 in Fighting
 15980 | Lair:5   | Found a dark tunnel.
 15982 | Lair:5   | Found a staircase to the Slime Pits.
 15990 | Volcano  | Entered a volcano
 16598 | Volcano  | Reached skill level 16 in Fighting
 16598 | Volcano  | Reached XP level 14. HP: 138/138 MP: 13/13
 17514 | Lair:6   | Entered Level 6 of the Lair of Beasts
 17806 | Lair:6   | Reached skill level 17 in Fighting
 18434 | Lair:6   | Received a gift from Trog
 18448 | Lair:6   | Paralysed by a hornet for 3 turns
 18487 | Lair:6   | Reached XP level 15. HP: 135/147 MP: 14/14
 20060 | D:12     | Upgraded the game from 0.24-a0-539-g6aae15eeb0 to
                  | 0.24-a0-545-gd1b266bae6
 20242 | D:12     | Paralysed by a hornet for 1 turns
 20404 | D:12     | Found Mohayhat's Distillery.
 20414 | D:12     | Bought a potion of cancellation for 112 gold pieces
 20647 | D:12     | Reached ****** piety under Trog
 20655 | D:12     | Reached skill level 18 in Fighting
 20885 | D:12     | Noticed Gastronok
 20938 | D:12     | Killed Gastronok
 20938 | D:12     | Received a gift from Trog
 21105 | Orc:1    | Entered Level 1 of the Orcish Mines
 21835 | Orc:2    | Entered Level 2 of the Orcish Mines
 21840 | Orc:2    | Found Ehoolu's Gadget Emporium.
 21851 | Orc:2    | Noticed Jorgrun
 21857 | Orc:2    | Received a gift from Trog
 21859 | Orc:2    | Noticed Maurice
 21866 | Orc:2    | Killed Jorgrun
 21867 | Orc:2    | Killed Maurice
 21891 | Orc:2    | HP: 7/150 [ogre/+0 giant club (2)]
 22100 | Orc:2    | Received a gift from Trog
 22130 | Orc:2    | Found Vaideint's Armour Shoppe.
 22133 | Orc:2    | Found Ribechin's Jewellery Shop.
 22140 | Orc:2    | Found Bath's Antique Armour Emporium.
 22159 | Orc:2    | Found a staircase to the Elven Halls.
 22171 | Orc:2    | Found a gate leading to a gauntlet.
 22180 | Gauntlet | Entered a Gauntlet
 22180 | Gauntlet | Found a transporter.
 22184 | Gauntlet | Found a transporter.
 22203 | Gauntlet | Found a transporter.
 22204 | Gauntlet | Found a transporter.
 22214 | Gauntlet | Found a transporter.
 22234 | Gauntlet | Found a transporter.
 22237 | Gauntlet | Found a transporter.
 22241 | Gauntlet | Found a transporter.
 22262 | Gauntlet | Found a transporter.
 22270 | Gauntlet | Found a transporter.
 22270 | Gauntlet | Found a transporter.
 22279 | Gauntlet | Found a transporter.
 22753 | Gauntlet | Got a transparent hat
 22764 | Gauntlet | Identified the +1 hat of Faem {rPois Str-5 Int+3} (You
                  | found it in a Gauntlet)
 22811 | Gauntlet | Identified the cursed +1 chain mail of Viufoquk {*Contam
                  | rF+ MR+ Dex+3}
 23064 | Orc:2    | Bought a pair of glowing gloves for 157 gold pieces
 23542 | Temple   | Entered the Ecumenical Temple
 23918 | D:13     | Found a runed translucent gate.
 23918 | D:13     | Found a runed translucent gate.
 23918 | D:13     | Found a runed translucent gate.
 23919 | D:13     | Noticed bmj180's ghost (journeyman HuFi)
 24298 | D:13     | Noticed Kirke
 24302 | D:13     | Killed Kirke
 24602 | D:14     | Reached XP level 16. HP: 149/159 MP: 15/15
 24810 | D:14     | Found a gate to the Vaults.
 24882 | D:14     | Reached skill level 19 in Fighting
 25332 | D:15     | Entered Level 15 of the Dungeon
 25664 | D:15     | Received a gift from Trog
 26105 | D:15     | Found a staircase to the Depths.
 26711 | Swamp:1  | Entered Level 1 of the Swamp
 26754 | Swamp:1  | Noticed Louise
 26774 | Lair:3   | Killed Louise
 28169 | Swamp:2  | Received a gift from Trog
 29361 | Swamp:3  | Found a transporter.
 29414 | Swamp:3  | Found a transporter.
 29483 | Swamp:3  | Noticed Aizul
 29490 | Swamp:3  | Killed Aizul
 29490 | Swamp:3  | Reached skill level 20 in Fighting
 29774 | Swamp:3  | Found a transporter.
 29875 | Swamp:3  | Found a transporter.
 29875 | Swamp:3  | Found a transporter.
 29912 | Swamp:3  | Received a gift from Trog
 30095 | Swamp:4  | Entered Level 4 of the Swamp
 30258 | Swamp:4  | Reached XP level 17. HP: 170/170 MP: 16/16
 30411 | Swamp:4  | Received a gift from Trog
 31671 | Swamp:4  | Got a decaying rune of Zot
 31984 | Snake:1  | Entered Level 1 of the Snake Pit
 32376 | Snake:1  | Found a runed translucent door.
 32378 | Snake:1  | Noticed Gall2222's ghost (adept MfGl)
 32497 | Snake:1  | Received a gift from Trog
 32958 | Snake:1  | Upgraded the game from 0.24-a0-545-gd1b266bae6 to
                  | 0.24-a0-580-g6a6c3f83c1
 33100 | Snake:1  | Killed Gall2222's ghost
 33100 | Snake:1  | Reached skill level 15 in Armour
 33268 | Snake:2  | Reached skill level 21 in Fighting
 33326 | Snake:1  | Received a gift from Trog
 33800 | Snake:2  | Found a flickering gateway to a bazaar.
 33809 | Bazaar   | Entered a bazaar
 33817 | Bazaar   | Found Nioneopp's Jewellery Shop.
 33817 | Bazaar   | Found Eseike Sozxy's Magic Scroll Boutique.
 33839 | Bazaar   | Bought a scroll of summoning for 104 gold pieces
 33841 | Bazaar   | Bought the ring of the Traitor {+Fly rN+ Slay+5} for 596
                  | gold pieces
 33845 | Bazaar   | Bought a scroll of teleportation for 33 gold pieces
 34606 | Snake:3  | Reached XP level 18. HP: 157/183 MP: 17/17
 34786 | Snake:3  | Got a coiled platinum amulet
 34787 | Snake:3  | Identified the amulet of the Fifty Stars {+Blink +Rage +Inv
                  | MR-} (You found it on level 3 of the Snake Pit)
 35287 | Snake:4  | Entered Level 4 of the Snake Pit
 35495 | Snake:4  | Reached skill level 22 in Fighting
 35596 | Snake:4  | Received a gift from Trog
 35786 | Snake:4  | Reached skill level 15 in Dodging
 37117 | Snake:4  | Received a gift from Trog
 37265 | Snake:4  | Got a serpentine rune of Zot
 37677 | Vaults:1 | Entered Level 1 of the Vaults
 37725 | Vaults:1 | Reached skill level 23 in Fighting
 37991 | Vaults:1 | Reached XP level 19. HP: 170/195 MP: 18/18
 38563 | Vaults:1 | Received a gift from Trog
 39823 | Vaults:2 | Received a gift from Trog
 39992 | Vaults:2 | Noticed Bai Suzhen
 40299 | Vaults:2 | Killed Bai Suzhen
 41192 | Vaults:2 | Reached skill level 24 in Fighting
 41684 | Vaults:3 | Reached XP level 20. HP: 206/206 MP: 19/19
 41908 | Vaults:3 | Found a staircase to the Crypt.
 41908 | Vaults:3 | Found an ancient bone altar of Kikubaaqudgha.
 41909 | Vaults:3 | Found a basalt altar of Yredelemnul.
 41989 | Vaults:3 | Received a gift from Trog
 42182 | Vaults:3 | Noticed Mennas
 42205 | Vaults:3 | Killed Mennas
 42382 | Vaults:3 | Noticed Xtahua
 42397 | Vaults:3 | Killed Xtahua
 42527 | Vaults:3 | Found Netunge's Antique Armour Shop.
 42698 | Vaults:3 | Received a gift from Trog
 42778 | Vaults:3 | Got a bound iron ring
 42779 | Vaults:3 | Identified the ring "Pasaitt" {rElec Int+2 Stlth+} (You
                  | found it on level 3 of the Vaults)
 44057 | Vaults:4 | Received a gift from Trog
 44181 | Vaults:4 | Reached skill level 25 in Fighting
 44186 | Vaults:4 | Reached XP level 21. HP: 217/217 MP: 20/20
 46099 | D:13     | Cast into level 2 of the Abyss (bmj180's ghost)
 46216 | D:13     | Escaped the Abyss
 46224 | D:13     | Received a gift from Trog
 46496 | D:13     | Killed bmj180's ghost
 47279 | Elf:1    | Entered Level 1 of the Elven Halls
 47279 | Elf:1    | Found Elomiol's Armour Emporium.
 47280 | Elf:1    | Upgraded the game from 0.24-a0-580-g6a6c3f83c1 to
                  | 0.24-a0-581-gc0fa6600bf
 47281 | Elf:1    | You fall into a shaft and drop 1 floor!
 47281 | Elf:2    | Found Keeh's Armour Shop.
 47416 | Elf:1    | Noticed Azrael
 47425 | Elf:1    | Killed Azrael
 47537 | Elf:1    | Got a warped lead ring
 47538 | Elf:1    | Identified the ring of Wonder {rPois rF- Int+5 Dex+4
                  | Stlth+} (You found it on level 1 of the Elven Halls)
 48072 | Elf:1    | Found Wipumiqa's Jewellery Shop.
 48072 | Elf:1    | Found Feplucw's Gadget Shoppe.
 48073 | Elf:1    | Found Juhutyce's Jewellery Shop.
 48398 | Elf:1    | Bought a scarf of resistance for 608 gold pieces
 48583 | Elf:2    | Got a vibrating silver amulet
 48586 | Elf:2    | Identified the amulet of the Townfolk {Gourm rC+ Int+6
                  | Dex-3} (You found it on level 2 of the Elven Halls)
 48609 | Elf:3    | Entered Level 3 of the Elven Halls
 48609 | Elf:3    | Noticed Saint Roka
 48621 | Elf:2    | Found a large runed translucent door.
 48622 | Elf:2    | Found a large runed translucent door.
 48624 | Elf:2    | Noticed Safaif's ghost (adept MiFi)
 48644 | Elf:2    | Killed Safaif's ghost
 48894 | Elf:2    | Received a gift from Trog
 48914 | Elf:2    | Found a runed translucent gate.
 48914 | Elf:2    | Found a runed translucent gate.
 48914 | Elf:2    | Found a runed translucent gate.
 49122 | Elf:2    | Killed Saint Roka
 49780 | Elf:3    | Reached XP level 22. HP: 228/228 MP: 7/21
 49941 | Elf:3    | Reached skill level 26 in Fighting
 49955 | Elf:3    | Received a gift from Trog
 50604 | Elf:3    | Identified Roxanne's Tome of Stones
 50604 | Elf:3    | Noticed Roxanne
 51307 | Elf:3    | Identified the +7 rapier of Mifaot {venom, rC+}
 52102 | Elf:3    | Received a gift from Trog
 52206 | Elf:3    | Found the +2 ratskin cloak {+Rats rPois rN+ Str-1 Int-1
                  | Dex+1}
 52206 | Elf:3    | Found the +3 crown of Dyrovepreva {rElec Int+2 SInv}
 52318 | Elf:3    | Identified the Disquisition on Unstable Translocation
 52611 | Depths:1 | Entered Level 1 of the Depths
 52867 | Depths:1 | Found Hiliyroe's Changing Room.
 52905 | Depths:1 | Found a sparkling altar of Nemelex Xobeh.
 53118 | Depths:1 | Found Lugryxyr's Assorted Antiques.
 53626 | Depths:1 | Found a gateway to Hell.
 54083 | Depths:2 | Received a gift from Trog
 54411 | Depths:2 | Found a one-way gate to the infinite horrors of the Abyss.
 55055 | Depths:3 | Found a magical portal.
 55059 | Depths:3 | Noticed Margery
 55101 | WizLab   | Reached XP level 23. HP: 212/239 MP: 7/22
 55404 | WizLab   | Found a transporter.
 55675 | WizLab   | Got a wavering pewter ring
 55676 | WizLab   | Identified the ring of Radghaich {rN+ Int+4} (You found it
                  | in a wizard's laboratory)
 55734 | WizLab   | Found a transporter.
 55736 | WizLab   | Paralysed by a great orb of eyes for 4 turns
 55759 | WizLab   | Reached skill level 27 in Fighting
 56264 | Depths:3 | Killed Margery
 56292 | Depths:3 | Received a gift from Trog
 56502 | Depths:3 | Found a one-way gate leading to the halls of Pandemonium.
 57073 | Depths:3 | You fall into a shaft and drop 2 floors!
 57073 | Depths:5 | Entered Level 5 of the Depths
 57263 | Depths:3 | Received a gift from Trog
 57782 | Depths:4 | Noticed Frederick
 57805 | Depths:4 | Killed Frederick
 57874 | Depths:4 | Found Ownod's Jewellery Shoppe.
 57883 | Depths:4 | Bought a +5 ring of slaying for 2615 gold pieces
 58017 | Depths:4 | Reached XP level 24. HP: 155/249 MP: 7/22
 58896 | Depths:5 | Found a basalt altar of Yredelemnul.
 59162 | Depths:5 | Received a gift from Trog
 59573 | Depths:5 | Found a gate to the Realm of Zot.
 59590 | Depths:5 | Voluntarily entered the Abyss.
 59702 | Abyss:1  | Gained mutation: You occasionally shout uncontrollably at
                  | your foes. [a neqoxec]
 59704 | Abyss:1  | Gained mutation: You are frail. (-10% HP) [a neqoxec]
 60080 | Abyss:1  | Received a gift from Trog
 60448 | Abyss:2  | Found a corrupted altar of Lugonu.
 60860 | Abyss:3  | Lost intelligence.
 61076 | Abyss:3  | Received a gift from Trog
 61080 | Abyss:3  | HP: 11/224 [starcursed mass/accursed screaming (7)]
 61338 | Abyss:3  | Lost intelligence.
 61351 | Abyss:3  | Paralysed by accursed screaming for 1 turns
 61566 | Abyss:3  | Found a corrupted altar of Lugonu.
 61595 | Abyss:3  | Paralysed by accursed screaming for 1 turns
 61600 | Abyss:3  | Paralysed by accursed screaming for 1 turns
 61613 | Abyss:3  | Paralysed by accursed screaming for 1 turns
 61613 | Abyss:3  | HP: 2/224 [hellephant (21)]
 61613 | Abyss:3  | Killed from afar by a guardian serpent

Levels and vault maps discovered:
D:1:      minmay_arrival_radiant_lines, layout_loops_corners, minmay_unequal
D:2:      layout_loops_ring, ashenzari_conservatory_becter,
          okawaru_metal_pillars_1_2, uniq_natasha, uniq_terence, uniq_jessica
D:3:      layout_basic, lemuel_doored_altar, first_ration,
          gammafunk_ghost_nasty_kobolds
D:4:      layout_loops_ring, old_standard_altar, minmay_temple_entry_junction_2,
          uniq_ijyb, uniq_edmund
D:5:      layout_gridville, kennysheep_mini_moat, serial_shops,
          nicolae_shop_behind_doors, st_stairs_3, uniq_pikel
D:6:      layout_cave_pools, basic_altar, chequers_jeans, st_stairs_8
D:7:      layout_basic, gammafunk_temple_overflow_claw, serial_glass,
          glass_columns_a, glass_columns_a, grunt_ogre_cave,
          kennysheep_another_room, hangedman_abyss_or_decor_jellyfish_corner,
          grunt_ministairs_3, hangedman_abyss_or_decor_stagger, minmay_nine_imps
D:8:      kennysheep_seaside_town, layout_gridville, tso_metal_star
D:9:      layout_long_grid, kennysheep_ying_yang, old_standard_altar,
          lemuel_crystal_altar
D:10:     layout_loops_cross, erik_orc_3, chequers_serial_rivers_micro_c
D:11:     layout_loops_ring, david_lair_shrubbed, nicolae_trove_entry_crossroad
D:12:     layout_rooms, serial_shops, shop, bh_walls_and_bars, uniq_gastronok
D:13:     layout_loops_ring, maelrawn_ghost_gauntlet_escape, uniq_kirke
D:14:     layout_basic, erik_vaults_1, kennysheep_cross_room
D:15:     grunt_enter_depths_snipers, layout_small_grid
Temple:   kb_temple_of_zot
Lair:1:   layout_roguey, basic_altar, dpeg_stationary_puzzle,
          infiniplex_staircase_pool_2, uniq_erica
Lair:2:   layout_chaotic_city, grunt_forest_stairs_basic, grunt_megastairs_2
Lair:3:   layout_cave_shapes, minmay_swamp_entry_reptiles, beast_lair_carwin_8
Lair:4:   layout_regular_city, minmay_snake_entry_guardpost_large,
          gammafunk_ghost_grave, chequers_serial_rivers_micro_d,
          beast_lair_carwin_2, grunt_megastairs_5
Lair:5:   layout_loops_ring, slime_dummy, nicolae_volcano_entry_lava_flow,
          minmay_hedge_maze
Lair:6:   minmay_lair_end_enchanted_forest, layout_hall_layers,
          serial_bayou_ford_a, grunt_megastairs_4, lemuel_fruit_tree
Swamp:1:  layout_basic_swamp, evilmike_swamp_ruin_rubble_2, swamp_pool1,
          hangedman_swamp_dais, uniq_louise
Swamp:2:  layout_falls_marsh, evilmike_swamp_ruin_house_5
Swamp:3:  gammafunk_the_bubble [the_bubble_gammafunk_roulette],
          layout_falls_marsh, hangedman_swamp_pad, uniq_aizul
Swamp:4:  swamp_icy, layout_basic_swamp, swamp_pool1
Snake:1:  layout_grid_maze, ebering_ghost_inner_flame
Snake:2:  layout_cave_shapes, serial_shops, bzr_entry_customers
Snake:3:  layout_onion, grunt_ministairs_3
Snake:4:  snake_pit, layout_rooms
Orc:1:    minmay_goldmine, layout_diamond_mine
Orc:2:    st_orc_open, layout_diamond_mine, gauntlet_entry_generic,
          uniq_maurice, uniq_jorgrun
Elf:1:    layout_loops_cross, serial_shops, shop, hangedman_elf_represent,
          minmay_shop_grove, uniq_azrael
Elf:2:    layout_geoelf_grid, portal_desolation_entry_ruin, serial_shops,
          nicolae_shop_stone, ebering_ghost_disaster_area
Elf:3:    minmay_elf_hall_not_hex, layout_loops_corners, dk_noncrumbling_2,
          minivault_28, uniq_roxanne, uniq_saint_roka
Vaults:1: nicolae_vaults_puzzle_piece, hangedman_vaults_slither, v_misc_28,
          st_cells, ontoclasm_vaults_spin, nicolae_vaults_border_crossing,
          vaults_room_fours, vaults_room_hallway, nicolae_vaults_shelves_hall,
          layout_vaults_omnibox, serial_glass
Vaults:2: nicolae_vaults_little_ls, v_misc_11, hangedman_vaults_capsules,
          ontoclasm_vaults_shout, v_rooms_4, v_misc_8,
          nicolae_vaults_sealed_display, nicolae_vaults_windows_and_doors_thing,
          dpeg_vaults_monster_box, vaults_room_stairs_pillars,
          vaults_room_semicircle, layout_vaults_chaotic_city, uniq_bai_suzhen
Vaults:3: st_lattice, minmay_crypt_entry_necro_gods,
          nicolae_vaults_stairing_the_circle, v_pattern_4, vaults_room_corners,
          vaults_standard_mumra_lines, v_misc_15, ontoclasm_vaults_ligature,
          vaults_mumra_hexcomb, layout_vaults_omnigrid, serial_shops,
          nicolae_shop_waterfront, uniq_mennas, uniq_xtahua
Vaults:4: vaults_room_fancy_cross, nicolae_vaults_c_with_doors,
          nicolae_vaults_little_squares_1, hangedman_vaults_stretched_pinwheel,
          grunt_vaults_hallway_long, v_rooms_1, grunt_vaults_swirl,
          nicolae_vaults_specimen_jars, hangedman_vaults_variations,
          grunt_vaults_funnel, v_misc_32, v_misc_30,
          ontoclasm_vaults_loading_screen, layout_vaults_maze_bifur
Depths:1: layout_basic, grunt_mini_vestibule, serial_shops, shop,
          serial_sigils_hangedman_writhe, nicolae_transmutations_shop,
          statue_in_the_mist_lemuel, nemelex_diamond_rough_becter,
          serial_bayou_shore_b
Depths:2: minmay_haunted_quarter, layout_twisted_cross, abyss_entry,
          hellmouth_3, glass_columns_b, hangedman_decor_growths
Depths:3: kennysheep_room_grid, layout_basic, mu_enter_wizlab_1, pan_entry,
          pf_hell_entry_tar_river, serial_bayou_pond_d,
          infiniplex_staircase_spiral_double, uniq_margery
Depths:4: nooodl_glass_maze, layout_basic, serial_shops, shop,
          minmay_misc_feat_x, abyss_entry, hell_entry, st_stairs_2,
          infiniplex_staircase_trident, uniq_frederick
Depths:5: grunt_bruiser_brothers, layout_cave_pools, enter_ziggurat_c,
          abyss_entry, grunt_hell_entry_dis_mu, chequers_serial_rivers_micro_c,
          hangedman_blasphemy
Abyss:3:  hangedman_cross_veins, evilmike_abyss_rune_elephants_shrine

Skill      XL: |  1  2  3  4  5  6  7  8  9 10 11 12 13 14 15 16 17 18 19 20 21 22 23 24 |
---------------+-------------------------------------------------------------------------+-----
Axes           | 4 5 6 7 8 10 12 13 15 16 17 18 19 20 21 22 23 24 26 | 26.0
Fighting       | 4 5 6 7 8 10 12 13 14 16 17 18 20 21 23 24 25 26 27 | 27.0
Armour         | 3 4 5 6 7 8 9 11 12 13 14 15 16 17 18 19 21 22 | 22.8
Dodging        | 3 4 5 7 9 10 11 12 13 14 15 16 17 18 19 21 | 21.3

Action                   |  1- 3 |  4- 6 |  7- 9 | 10-12 | 13-15 | 16-18 | 19-21 | 22-24 || total
-------------------------+-------+-------+-------+-------+-------+-------+-------+-------++-------
Melee: Hand axe          |    71 |    17 |       |       |       |       |       |       ||    88
       Headbutt          |    15 |    12 |    54 |   114 |   184 |   318 |   315 |   409 ||  1421
       War axe           |       |    48 |   280 |   281 |       |       |       |       ||   609
       Battleaxe         |       |       |       |   288 |   708 |  1180 |   902 |       ||  3078
       Flail             |       |       |       |     4 |    55 |    88 |    59 |       ||   206
       Executioner's axe |       |       |       |       |       |       |   188 |  1376 ||  1564
 Fire: Hunting sling     |     8 |    27 |    85 |   181 |    34 |   140 |    39 |       ||   514
Throw: Stone             |    56 |     3 |    15 |       |       |       |       |       ||    74
       Boomerang         |       |       |    22 |    60 |   136 |   142 |    16 |    22 ||   398
Invok: Trog's Hand       |     1 |     6 |     5 |     8 |    14 |    20 |    25 |    31 ||   110
       Berserk           |     1 |     6 |     4 |    16 |    14 |     8 |    15 |     4 ||    68
       Brothers in Arms  |       |       |       |       |     4 |     4 |     6 |     2 ||    16
 Abil: Evoke Flight      |       |       |       |       |       |       |       |     5 ||     5
Evoke: Wand              |       |       |       |     2 |     3 |     1 |     1 |       ||     7
  Use: Scroll            |     7 |     6 |    10 |    12 |    11 |    12 |    14 |    16 ||    88
       Potion            |       |     2 |     1 |       |     7 |     2 |     2 |    13 ||    27
 Stab: Distracted        |       |       |       |       |       |     1 |     1 |     3 ||     5
  Eat: Chunk             |     3 |     9 |    11 |    27 |    32 |    23 |    46 |    28 ||   179
       Ration            |       |     1 |     2 |     5 |     5 |    11 |     5 |     9 ||    38
Armor: Animal skin       |     5 |       |       |       |       |       |       |       ||     5
       Leather armour    |     7 |     4 |       |       |       |       |       |       ||    11
       Ring mail         |       |     6 |       |       |       |       |       |       ||     6
       Chain mail        |       |    35 |    80 |       |       |       |       |       ||   115
       Plate armour      |       |       |    54 |   214 |   132 |       |       |       ||   400
       Gold dragon scale |       |       |       |       |   104 |   566 |   441 |   592 ||  1703
Dodge: Dodged            |    49 |    48 |   140 |   424 |   457 |  1036 |   644 |   835 ||  3633
       Deflected         |       |       |       |       |     7 |   125 |    75 |       ||   207
Block: Other             |       |       |       |       |       |       |     8 |    99 ||   107
       Reflection        |       |       |       |       |       |       |       |     5 ||     5

Table legend:
 A = Non-vault XP
 B = Vault XP
 C = Vault XP percentage of total XP
 D = Non-vault monster count
 E = Vault monster count
 F = Vault count percentage of total count
                 A         B        C        D         E       F
            +---------+---------+-------+---------+---------+-------
      Total |  635411 |  448522 |  41.4 |    1547 |     716 |  31.6
            +---------+---------+-------+---------+---------+-------
        D:1 |      50 |       5 |   9.1 |      28 |       3 |   9.7
        D:2 |      99 |     108 |  52.2 |      16 |       3 |  15.8
        D:3 |      78 |     416 |  84.2 |      15 |      10 |  40.0
        D:4 |     393 |     651 |  62.4 |      18 |       1 |   5.3
        D:5 |     820 |       0 |   0.0 |      22 |       0 |   0.0
        D:6 |     840 |       0 |   0.0 |      13 |       0 |   0.0
        D:7 |    1230 |     531 |  30.2 |      38 |      11 |  22.4
        D:8 |    2938 |    1414 |  32.5 |      24 |      23 |  48.9
        D:9 |    1428 |       0 |   0.0 |      26 |       0 |   0.0
       D:10 |    4334 |     628 |  12.7 |      28 |      18 |  39.1
       D:11 |    5894 |     367 |   5.9 |      46 |       1 |   2.1
       D:12 |    6541 |    2265 |  25.7 |      38 |       1 |   2.6
       D:13 |    1740 |    6024 |  77.6 |       9 |       9 |  50.0
       D:14 |    5307 |    1808 |  25.4 |      40 |       2 |   4.8
       D:15 |    4717 |    3208 |  40.5 |      13 |       3 |  18.8
     Lair:1 |    5044 |    1221 |  19.5 |      21 |       2 |   8.7
     Lair:2 |    1722 |     466 |  21.3 |       8 |       2 |  20.0
     Lair:3 |    3783 |    2707 |  41.7 |      15 |      11 |  42.3
     Lair:4 |    9163 |    3330 |  26.7 |      24 |      13 |  35.1
     Lair:5 |    5163 |       0 |   0.0 |      21 |       0 |   0.0
     Lair:6 |   15550 |    8822 |  36.2 |      45 |      48 |  51.6
    Swamp:1 |   10239 |    5490 |  34.9 |      31 |       8 |  20.5
    Swamp:2 |   15432 |       0 |   0.0 |      39 |       0 |   0.0
    Swamp:3 |    9804 |    8497 |  46.4 |      24 |      13 |  35.1
    Swamp:4 |   12702 |    7201 |  36.2 |      24 |      31 |  56.4
    Snake:1 |   22073 |    2723 |  11.0 |      44 |       2 |   4.3
    Snake:2 |   25404 |       0 |   0.0 |      55 |       0 |   0.0
    Snake:3 |   19150 |     493 |   2.5 |      35 |       1 |   2.8
    Snake:4 |   30032 |   30629 |  50.5 |      48 |      46 |  48.9
      Orc:1 |    4574 |     421 |   8.4 |      43 |      11 |  20.4
      Orc:2 |    1185 |   15820 |  93.0 |      38 |      39 |  50.6
      Elf:1 |   18745 |    7907 |  29.7 |      31 |      13 |  29.5
      Elf:2 |   11474 |    9287 |  44.7 |      19 |      12 |  38.7
      Elf:3 |   30234 |   52066 |  63.3 |      42 |      45 |  51.7
   Vaults:1 |   30948 |   28605 |  48.0 |      47 |      43 |  47.8
   Vaults:2 |   23916 |   27843 |  53.8 |      36 |      42 |  53.8
   Vaults:3 |   45481 |   45735 |  50.1 |      79 |      44 |  35.8
   Vaults:4 |   37854 |   28864 |  43.3 |      59 |      38 |  39.2
   Depths:1 |   18122 |    6233 |  25.6 |      28 |       9 |  24.3
   Depths:2 |   31929 |    6924 |  17.8 |      40 |      19 |  32.2
   Depths:3 |   39477 |   21243 |  35.0 |      45 |      24 |  34.8
   Depths:4 |   24595 |   13053 |  34.7 |      29 |       9 |  23.7
   Depths:5 |    8043 |   28898 |  78.2 |      10 |      27 |  73.0
    Abyss:1 |   31257 |     188 |   0.6 |      69 |       7 |   9.2
    Abyss:2 |    7689 |       0 |   0.0 |       8 |       0 |   0.0
    Abyss:3 |   46484 |    8100 |  14.8 |     106 |       6 |   5.4
    Volcano |       0 |    3806 | 100.0 |       0 |      13 | 100.0
     WizLab |    1734 |   49227 |  96.6 |      10 |      46 |  82.1
   Gauntlet |       0 |    5298 | 100.0 |       0 |       7 | 100.0
            +---------+---------+-------+---------+---------+-------
